 Dungeon Crawl Stone Soup version 0.27-a0-1308-gc08437e49b (webtiles) character file.

Game seed: 15679334701796015664

16 dolemite99 the Chopper (level 2, -1/26 HPs)
             Began as a Minotaur Monk on June 19, 2021.
             Slain by a quokka (4 damage)
             ... on level 1 of the Dungeon.
             The game lasted 00:00:48 (403 turns).

dolemite99 the Chopper (Minotaur Monk)               Turns: 403, Time: 00:00:49

Health: -1/26      AC:  2    Str: 15    XL:     2   Next: 41%
Magic:  1/1        EV: 12    Int:  7    God:
Gold:   0          SH:  0    Dex: 12    Spells: 1/1 levels left

rFire    . . .     SeeInvis .   a - +0 hand axe
rCold    . . .     Faith    .   (no shield)
rNeg     . . .     Spirit   .   b - +0 robe
rPois    .         Reflect  .   (helmet restricted)
rElec    .         Harm     .   (no cloak)
rCorr    .         Rampage  .   (no gloves)
Will     .....                  (no boots)
Stlth    ++........             (no amulet)
HPRegen  0.08/turn              (no ring)
MPRegen  0.07/turn              (no ring)

@: no status effects
A: horns 2, retaliatory headbutt
a: no special abilities


You were on level 1 of the Dungeon.
You visited 1 branch of the dungeon, and saw 1 of its levels.

Inventory:

Hand Weapons
 a - a +0 hand axe (weapon)
Missiles
 d - 9 poisoned darts (quivered)
Armour
 b - a +0 robe (worn)
Potions
 c - a potion of degeneration {unknown}


   Skills:
 - Level 3.6 Fighting
 + Level 4.7 Axes
 - Level 3.2 Dodging
 - Level 1.5 Stealth


You had one spell level left.
You didn't know any spells.
Your spell library was empty.

Dungeon Overview and Level Annotations

Branches:
Dungeon (1/15)

Altars:


Innate Abilities, Weirdness & Mutations

You have a pair of horns on your head.
You reflexively headbutt those who attack you in melee.


Message History

You hit the jackal.
The jackal is almost dead.
You hit the jackal but do no damage. The jackal bites you.
The jackal misses you.
You hit the jackal but do no damage. Your headbutt misses the jackal.
The jackal is almost dead.
You hit the jackal. The jackal misses you. You furiously retaliate!
You headbutt the jackal, but do no damage.
The jackal closely misses you. You furiously retaliate!
You headbutt the jackal.
You kill the jackal!
The jackal bites you.
You hit the jackal but do no damage. You headbutt the jackal.
You kill the jackal!
You hit the jackal but do no damage. The jackal closely misses you. x2
The quokka bites you.
You slash the jackal!
You kill the jackal!
You barely miss the quokka. The quokka bites you.
You are too injured to fight recklessly!
You are too injured to fight recklessly!
You hit the quokka but do no damage. You barely miss the jackal.
The jackal bites you. The quokka closely misses you. The jackal bites you.
You hit the quokka but do no damage. You closely miss the jackal.
The quokka bites you.
* * * LOW HITPOINT WARNING * * *
The jackal bites you.
* * * LOW HITPOINT WARNING * * *
You barely miss the jackal. Your headbutt misses the jackal.
You hit the quokka. The quokka closely misses you.
The jackal bites you but does no damage.
The quokka bites you.
* * * LOW HITPOINT WARNING * * *
You closely miss the quokka.
The quokka is heavily wounded.
You closely miss the jackal. The jackal completely misses you.
You furiously retaliate!
You headbutt the jackal.
You kill the jackal!
The quokka bites you.
You die...

#≈≈≈≈#...≈≈..≈.....
##≈≈≈≈≈.≈≈≈≈.≈.≈≈≈≈≈
#≈≈≈≈≈≈≈≈≈≈≈≈≈≈≈≈≈≈≈ .
#.≈≈≈≈≈.≈≈≈.≈≈≈≈.≈≈ ...
#≈.≈≈≈≈≈.≈≈≈≈≈≈≈≈≈≈
....h###.h....≈.≈)....)#≈≈
......h.......#.##.....##≈
#.#+#...##r.#.#.###....###
#.....+@r.#.#.. +....#
...##...###...#.###.†..#
.. +..... ....#.#####.## .
###### ##..#.#......##
##.#.#.......## #..
#......... #..#####.....
#....... ##### #.......


You could see 2 quokkas.

Vanquished Creatures
  3 bats (D:1)
  2 goblins (D:1)
  A hobgoblin (D:1)
  7 jackals (D:1)
  A frilled lizard (D:1)
  A rat (D:1)
15 creatures vanquished.

Notes
Turn   | Place    | Note
-------+----------+-------------------------------------------
     0 | D:1      | dolemite99 the Minotaur Monk began the quest for the Orb.
     0 | D:1      | Reached XP level 1. HP: 19/19 MP: 0/0
   292 | D:1      | Reached skill level 4 in Axes
   328 | D:1      | Reached XP level 2. HP: 26/26 MP: 1/1
   403 | D:1      | Slain by a quokka

Illustrated notes

Levels and vault maps discovered:
D:1:      dpeg_arrival_boxes_within_box, layout_basic, serial_rivers,
          chequers_serial_rivers_marsh, chequers_serial_rivers_micro_c,
          chequers_serial_rivers_large_a, chequers_serial_rivers_micro_b,
          serial_shops, nicolae_square_shop

Skill      XL: |  1 |
---------------+----+-----
Axes           | 4 |  4.7
Fighting       | |  3.6
Dodging        | |  3.2
Stealth        | |  1.5

Action                   || total
-------------------------++-------
Melee: Hand axe          ||    32
       Headbutt          ||     5
Throw: Dart              ||     9
Armor: Robe              ||     9
Dodge: Dodged            ||    25

Table legend: (Time is in decaauts)
 A = Elapsed time spent in this place.
 B = Non-inter-level travel time spent in this place.
 C = Inter-level travel time spent in this place.
 D = Time resting spent in this place.
 E = Time spent auto-exploring this place.
 F = Levels seen in this place.
 G = Mean time per level.
                   A        B        C        D        E       F      G
               +--------+--------+--------+--------+--------+-----+--------+
         Total |    411 |    411 |      0 |    154 |    114 |   1 |  411.0 |
       Dungeon |    411 |    411 |      0 |    154 |    114 |   1 |  411.0 |
               +--------+--------+--------+--------+--------+-----+--------+

Top non-repeatable levels by time:
     D:1: 411 daAuts
